Map: Lerilak Crest

Players

LiquidSnute (Snute)

  • Race: Zerg Zerg
  • League: Grandmaster

LiquidTLO (TLO) - Winner!

  • Race: Zerg Zerg
  • League: Grandmaster

Event: DreamHack ZOWIE Open Leipzig

VOD

Have the link to the VOD?

Description

Time

  • Played on: Jan. 22, 2016, 1:01 p.m.
  • Length: 9:48

All games in this series

Show
View Real Time Build Order
Export as new Build Order

LiquidSnute Zerg 

Build Orders: Pool First 

Get SALT Encoding   

  12  0:00  Drone  
  13  0:12  Overlord  
  13  0:16  Drone  
  14  0:30  Drone x2  
  14  0:34  Drone  
  17  0:39  Extractor  
  16  0:44  Drone  
  16  0:49  Spawning Pool  
  16  0:55  Drone  
  17  1:06  Drone  
  18  1:20  Hatchery  
  17  1:36  Queen  
  17  1:39  Metabolic Boost  
  19  1:42  Zergling x2  
  19  1:45  Drone  
  21  1:48  Drone  
  22  1:55  Overlord  
  22  2:03  Baneling Nest  
  22  2:06  Zergling x2  
  22  2:16  Queen  
  22  2:19  Drone  
  25  2:26  Zergling x2  
  26  2:32  Drone  
  27  2:39  Zergling x2  
  28  2:44  Drone x4  
  28  2:51  Overlord  
  31  2:55  Overlord  
  31  3:01  Zergling x2  
  32  3:06  Drone  
  32  3:12  Drone  
  34  3:20  Drone x2  
  34  3:24  Drone x3  
  39  3:27  Drone x3  
  39  3:29  Extractor  
  41  3:35  Baneling x2  
  41  3:38  Zergling x4  
  42  3:49  Drone x2  
  42  3:53  Roach Warren  
  42  3:56  Drone x4  
  47  4:02  Drone  
  47  4:03  Drone  
  48  4:14  Hatchery  
  48  4:15  Drone x3  
  49  4:18  Drone  
  49  4:23  Drone  
  48  4:31  Zergling x2  
  48  4:32  Zergling x6  
  52  4:50  Baneling x2  
  50  4:55  Overlord x2  
  50  4:56  Overlord  
  50  5:01  Overlord  
  49  5:07  Roach  
  49  5:12  Overlord  
  51  5:19  Roach x9  
  66  5:37  Hatchery  
  66  5:39  Roach x4  
  66  5:42  Ravager x4  
  77  5:44  Drone  
  77  5:48  Roach  
  77  5:49  Zergling x4  
  80  5:51  Zergling x2  
  80  5:55  Roach  
  83  5:57  Roach  
  83  6:03  Roach  
  87  6:05  Zergling x4  
  89  6:12  Roach  
  89  6:17  Overlord  
  90  6:21  Overlord, Drone x2, Extractor  
  91  6:42  Roach x2  
  91  6:43  Roach x6  
  107  6:51  Roach x2  
  111  7:03  Overlord  
  111  7:04  Overlord, Queen  
  113  7:25  Roach x8  
  113  7:29  Overlord, Ravager  
  129  7:38  Zergling x2  
  129  7:42  Overlord  
  130  7:45  Overlord  
  130  7:49  Zergling x10  
  130  7:50  Zergling x2  
  136  7:52  Ravager x2  
  137  8:04  Zergling x12  
  139  8:10  Roach  
  128  8:13  Zergling x2  
  128  8:14  Zergling x6  
  128  8:19  Roach x3  
  113  8:23  Zergling x8  
  113  8:26  Ravager x3  
  101  8:27  Zergling x2  
  101  8:31  Zergling x4  
  85  8:41  Roach  
  85  8:42  Roach  
  77  8:49  Roach  
  77  8:50  Roach  
  77  8:52  Roach  
  72  9:02  Ravager  
  72  9:03  Ravager  
  72  9:05  Roach x2  
  72  9:06  Zergling x2  
  72  9:07  Zergling x8  
  77  9:18  Roach x2  
  69  9:25  Roach x3  
Show
View Real Time Build Order
Export as new Build Order

LiquidTLO Zerg - Winner!

Build Orders: Hatch First 

Get SALT Encoding   

  12  0:00  Drone  
  13  0:13  Overlord  
  13  0:17  Drone  
  14  0:31  Drone x2  
  14  0:35  Drone  
  17  0:52  Hatchery  
  16  1:05  Spawning Pool  
  16  1:08  Drone  
  16  1:10  Extractor  
  15  1:13  Drone  
  15  1:17  Drone  
  17  1:20  Drone  
  18  1:31  Drone  
  19  1:41  Overlord  
  19  1:52  Queen  
  19  1:53  Zergling x2  
  22  2:03  Drone  
  22  2:04  Queen  
  22  2:05  Drone  
  26  2:11  Metabolic Boost  
  26  2:14  Overlord  
  26  2:19  Zergling x2  
  27  2:24  Drone  
  28  2:31  Extractor  
  28  2:33  Baneling Nest  
  28  2:34  Drone  
  28  2:35  Drone  
  28  2:39  Drone  
  30  2:50  Drone, Spine Crawler  
  30  2:52  Zergling x2  
  30  2:58  Drone  
  32  3:00  Drone  
  32  3:04  Zergling x2  
  32  3:05  Zergling x2  
  34  3:06  Zergling x2  
  34  3:08  Zergling x2  
  35  3:13  Drone x2  
  35  3:14  Drone  
  35  3:17  Drone  
  35  3:18  Drone  
  40  3:21  Baneling x2  
  40  3:23  Drone  
  41  3:40  Zergling x2  
  42  3:41  Zergling x2  
  43  3:49  Drone, Roach Warren  
  43  3:50  Hatchery, Drone  
  43  3:52  Drone  
  44  3:56  Overlord  
  44  4:02  Overlord  
  44  4:12  Overlord  
  44  4:14  Overlord  
  44  4:15  Drone x3  
  46  4:18  Extractor  
  46  4:19  Zergling x2  
  45  4:24  Zergling x4  
  45  4:25  Zergling x4  
  45  4:26  Baneling  
  49  4:37  Roach x3  
  54  4:39  Roach  
  54  4:40  Roach  
  58  4:49  Roach  
  58  4:52  Roach  
  60  5:00  Overlord, Roach  
  60  5:03  Overlord, Roach x2  
  60  5:06  Roach  
  66  5:07  Zergling x4  
  66  5:13  Drone  
  67  5:16  Roach  
  69  5:24  Roach x3  
  69  5:26  Roach  
  69  5:27  Roach  
  79  5:30  Roach x2  
  79  5:31  Roach  
  84  5:38  Roach  
  84  5:39  Zergling x4  
  85  5:46  Drone x3  
  85  5:49  Lair  
  88  5:53  Extractor  
  88  5:56  Queen  
  89  5:58  Zergling x4  
  89  6:00  Zergling x2  
  89  6:02  Zergling x2  
  93  6:05  Zergling x4  
  93  6:09  Drone x2  
  96  6:12  Zergling x2  
  96  6:23  Evolution Chamber, Overlord, Drone  
  96  6:24  Drone  
  97  6:30  Drone  
  97  6:31  Overlord x2  
  98  6:39  Drone  
  97  6:40  Overlord  
  97  6:44  Drone x3  
  97  6:45  Drone x2, Ravager  
  97  6:46  Ravager x2  
  105  6:48  Glial Reconstitution  
  105  6:52  Extractor  
  105  6:53  Zerg Missile Weapons Level 1  
  104  6:55  Drone  
  104  6:59  Overlord  
  105  7:02  Ravager  
  105  7:05  Drone  
  105  7:06  Drone x2  
  109  7:08  Drone  
  109  7:09  Drone  
  109  7:13  Roach x2  
  115  7:16  Ravager  
  115  7:20  Roach  
  118  7:24  Roach  
  118  7:25  Overlord x2, Roach  
  118  7:29  Overlord  
  122  7:34  Burrow  
  122  7:38  Overlord x2  
  122  7:45  Ravager  
  122  7:46  Drone  
  122  7:47  Roach x2  
  122  7:48  Drone x4  
  134  7:51  Roach  
  134  7:52  Roach  
  134  7:53  Roach  
  134  7:55  Roach  
  140  7:58  Roach  
  140  8:02  Roach x2  
  143  8:12  Roach  
  139  8:13  Roach  
  139  8:14  Roach  
  139  8:15  Roach  
  139  8:16  Roach  
  139  8:18  Roach  
  126  8:20  Roach  
  126  8:21  Roach  
  126  8:22  Roach  
  126  8:25  Roach  
  112  8:27  Roach  
  112  8:29  Roach  
  112  8:31  Roach  
  112  8:34  Roach  
  112  8:39  Roach, Queen x2  
  110  8:43  Roach  
  110  8:44  Drone x4  
  110  8:46  Drone  
  110  8:48  Extractor  
  108  8:50  Drone x2  
  108  8:51  Drone  
  108  8:52  Roach  
  108  8:54  Extractor  
  108  9:01  Roach x2  
  108  9:09  Hatchery  
  105  9:18  Roach x2  
  105  9:19  Roach  
  105  9:20  Roach  
  105  9:21  Roach  
  105  9:22  Drone x19  
  105  9:23  Roach  
  113  9:26  Roach  
  113  9:28  Roach x2  
  111  9:31  Drone x3  
  111  9:32  Drone x10  

Tags
 
Add a new tag
Caveats
  • Supply blocks, unpowered buildings, or Contaminate may cause inaccurate times.
  • Supply counts are checked every 10 seconds.